 Dungeon Crawl Stone Soup version 0.18.1-8-gdd0e5ea (webtiles) character file.

25236 Krapule the Zephyrmancer (level 13, -6/68 HPs)
             Began as a Tengu Air Elementalist on June 12, 2016.
             Was an Elder of Vehumet.
             Engulfed by a cloud of steam (9 damage)
             ... on level 3 of the Lair of Beasts.
             The game lasted 02:08:01 (20337 turns).

Krapule the Zephyrmancer (Tengu Air Elementalist)  Turns: 20337, Time: 02:08:01

Health: -6/68      AC:  8    Str: 16    XL:     13   Next: 18%
Magic:  28/28      EV: 23    Int: 20    God:    Vehumet [****..]
Gold:   657        SH:  0    Dex: 20    Spells: 4 memorised, 23 levels left

rFire  . . .     SeeInvis .     H - +4 quarterstaff (chaos)
rCold  . . .     Gourm    .     a - +0 robe
rNeg   . . .     Faith    .     (shield currently unavailable)
rPois  .         Spirit   .     d - +1 hat
rElec  .         Dismiss  .     G - +2 cloak
rCorr  .         Reflect  .     n - +1 pair of gloves
SustAt .         Harm     .     (boots unavailable)
MR     +....                    T - amulet "Baor" {RegenMP +Fly MR+ Dex+6}
Stlth  +++.......               p - ring of stealth
                                m - +6 ring of strength

@: repel missiles, somewhat resistant to hostile enchantments, fairly stealthy
A: beak, talons 3, able to fly 1
a: Fly, Renounce Religion, Evoke Flight


You were on level 3 of the Lair of Beasts.
You worshipped Vehumet.
Vehumet was greatly pleased with you.
You were not hungry.

You visited 3 branches of the dungeon, and saw 16 of its levels.

You collected 657 gold pieces.

Inventory:

Hand Weapons
 y - a +0 quarterstaff
 H - a +4 quarterstaff of chaos (weapon)
Armour
 a - a +0 robe (worn)
 d - a +1 hat (worn)
 n - a +1 pair of gloves (worn)
 G - a +2 cloak (worn)
Magical Staves
 w - an uncursed staff of earth
Jewellery
 m - a +6 ring of strength (left hand)
 p - a ring of stealth (right hand)
 q - an uncursed ring of teleportation
 r - the amulet "Xoxuawn" {+Rage rPois rF+++ rC+ Int-2}
   (You found it on level 6 of the Dungeon)

   [amulet of rage]

   It affects your intelligence (-2).
   It renders you almost immune to fire.
   It protects you from cold.
   It protects you from poison.
   It lets you go berserk.
 T - the amulet "Baor" (around neck) {RegenMP +Fly MR+ Dex+6}
   (You found it on level 10 of the Dungeon)

   [amulet of magic regeneration]

   It increases your magic regeneration.
   It affects your dexterity (+6).
   It affects your resistance to hostile enchantments.
   It lets you fly.
Wands
 h - a wand of slowing (25/48)
 u - a wand of enslavement (1/24)
 B - a wand of flame (0/48)
 F - a wand of digging (6/24)
 J - a wand of slowing (36/48)
 S - a wand of lightning (5/15)
 V - a wand of polymorph (11/24)
 Y - a wand of flame (19/48)
Scrolls
 k - a scroll of magic mapping
 o - 2 scrolls of identify
 v - 4 scrolls of remove curse
 x - 2 scrolls of enchant armour
 I - 4 scrolls of enchant weapon
 O - 4 scrolls of amnesia
 R - 2 scrolls of recharging
Potions
 e - 3 potions of lignification
 f - 2 potions of haste
 g - 2 potions of mutation
 j - 3 potions of curing
 l - 3 potions of cure mutation
 s - a potion of agility
 z - 2 potions of invisibility {unknown}
 A - 4 potions of flight
 C - a potion of magic {unknown}
 D - 4 potions of might {unknown}
 P - a potion of brilliance {unknown}
 U - 2 potions of heal wounds
Books
 b - a book of Air

   Spells                             Type                      Level
   a - Shock                          Conjuration/Air              1
   b - Swiftness                      Charms/Air                   2
   c - Repel Missiles                 Charms/Air                   2
   d - Static Discharge               Conjuration/Air              3
   e - Lightning Bolt                 Conjuration/Air              5
 K - a book of Transfigurations

   Spells                             Type                      Level
   a - Irradiate                      Conjuration/Transmutation    5
   b - Statue Form                    Transmutation/Earth          6
   c - Hydra Form                     Transmutation                6
   d - Dragon Form                    Transmutation                7
 L - a book of Alchemy

   Spells                             Type                      Level
   a - Sublimation of Blood           Necromancy                   2
   b - Ignite Poison                  Fire/Transmutation/Poison    3
   c - Petrify                        Transmutation/Earth          4
   d - Alistair's Intoxication        Transmutation/Poison         5
   e - Irradiate                      Conjuration/Transmutation    5
 N - a book of Ice

   Spells                             Type                      Level
   a - Ice Form                       Ice/Transmutation            4
   b - Metabolic Englaciation         Hexes/Ice                    5
   c - Ozocubu's Refrigeration        Ice                          6
   d - Bolt of Cold                   Conjuration/Ice              6
   e - Freezing Cloud                 Conjuration/Ice/Air          6
   f - Simulacrum                     Ice/Necromancy               6
 Q - a Fen Folio

   Spells                             Type                      Level
   a - Corpse Rot                     Necromancy                   2
   b - Stone Arrow                    Conjuration/Earth            3
   c - Leda's Liquefaction            Hexes/Earth                  4
   d - Summon Forest                  Summoning/Translocation      5
   e - Hydra Form                     Transmutation                6
   f - Summon Hydra                   Summoning                    7
Comestibles
 c - 7 bread rations
 i - 2 meat rations
 t - 11 royal jellies


   Skills:
 - Level 3.0 Fighting
 + Level 3.9 Armour
 + Level 12.5 Dodging
 - Level 2.0 Stealth
 + Level 10.7 Spellcasting
 + Level 9.9 Conjurations
 - Level 2.0 Charms
 + Level 14.8 Air Magic


You had 23 spell levels left.
You knew the following spells:

 Your Spells              Type           Power        Failure   Level  Hunger
a - Shock                 Conj/Air       ####         1%          1    None
q - Swiftness             Chrm/Air       #####...     1%          2    None
s - Repel Missiles        Chrm/Air       #####.       1%          2    None
z - Lightning Bolt        Conj/Air       ######....   1%          5    ####...


Dungeon Overview and Level Annotations

Branches:
Dungeon (12/15)            Temple (1/1) D:7            Lair (3/8) D:8
 Shoals (0/4) Lair:3        Snake (0/4) Lair:3          Orc (0/2) D:12

Altars:
Dithmenos
Fedhas
Gozag
Kikubaaqudgha
Makhleb
Nemelex Xobeh
Pakellas
Sif Muna
Vehumet
Xom
Zin
The Shining One

Shops:
D:6 =[::(

Annotations:
D:5 whitenoisemaker's ghost, novice DsGl
D:12 barakagiga's ghost, journeyman DsFE


Innate Abilities, Weirdness & Mutations

You have a beak for a mouth.
You have claws for feet.
You can fly.


Message History

You start resting.
The plant is engulfed in a cloud of scalding steam.
The river rat bites you.
You hit the river rat. You freeze the river rat. You peck the river rat.
The river rat is severely wounded.
The plant is engulfed in a cloud of scalding steam.
The river rat misses you.
You barely miss the river rat. Your peck misses the river rat.
The river rat is heavily wounded.
You are engulfed in roaring flames.
The plant is engulfed in a cloud of scalding steam.
The river rat bites you.
You closely miss the river rat. You claw the river rat. You peck the river rat.
You kill the river rat!
Vehumet accepts your kill.
You are engulfed in roaring flames.
* * * LOW HITPOINT WARNING * * *
You see here a river rat corpse.
You are engulfed in a cloud of scalding steam.
You die...

m........>.##♣≈≈.≈.≈##..........#
N..........#≈.≈P..≈P≈#..........#
..........##≈.♣♣.♣♣.≈###.#####..#
.........#.#P≈♣...♣♣≈####.##.#..#
P.#.P...........>......#........#
#.##.......#≈P♣..§♣§)#......##..#
#P.♣♣§♣§§.#.#.........
#≈≈≈.§§§P≈###....#...# .##....
##♣≈.@≈P♣#####.#.....P
.......#######.####.####.##..P#
#........#....................#
.#............................#
...............)..............#
..............................#
..............................#
###..............##.'#....#
#..≈#.....#......##.'##...#


There were no monsters in sight!

Vanquished Creatures
  Gastronok (Lair:1)
  3 hydras
  Harold (Lair:1)
  A hill giant (D:10)
  Pikel (D:9)
  A deep elf mage (D:12)
  An oklob plant (Lair:2)
  A salamander (Lair:2)
  6 elephants (Lair:3)
  A siren (Lair:3)
  7 komodo dragons
  4 spiny frogs
  A merfolk (Lair:3)
  A polar bear (Lair:2)
  A troll (D:8)
  Prince Ribbit (D:7)
  Grinder (D:5)
  11 blink frogs
  8 yaks
  A wyvern (D:8)
  3 hippogriffs
  Grum (Lair:1)
  2 hungry ghosts
  Edmund (D:5)
  4 nagas (Lair:3)
  Duvessa (D:4)
  A naga (shapeshifter) (Lair:2)
  5 water moccasins
  4 porcupines
  2 black bears
  2 phantoms
  2 slaves (D:9)
  An ice beast (D:4)
  2 orc warriors
  An eye of draining (D:10)
  8 ogres
  A necrophage (D:9)
  9 wolves
  3 centaurs
  3 crocodiles
  3 big kobolds
  10 giant frogs
  A wyvern zombie (D:10)
  Dowan (D:4)
  A scorpion (shapeshifter) (D:7)
  6 scorpions
  6 killer bees
  5 wights (D:10)
  2 howler monkeys
  3 electric eels (D:8)
  7 crimson imps
  2 centaur zombies
  3 orc priests
  12 hounds
  6 jellies
  12 orc wizards
  A centaur skeleton (D:8)
  Jessica (D:2)
  3 iguanas (Lair:1)
  Crazy Yiuf (D:4)
  5 worker ants
  2 hound zombies
  4 gnolls (D:7)
  13 river rats
  11 adders
  7 shadow imps
  6 oozes
  2 adder zombies
  2 adder skeletons
  3 worms (D:3)
  3 dart slugs (D:1)
  4 giant geckos
  39 orcs
  4 ball pythons
  4 giant cockroaches
  9 goblins
  7 hobgoblins
  16 jackals
  7 quokkas
  6 bats
  A giant gecko skeleton (D:3)
  4 giant newts
  14 kobolds
  5 rats
  A butterfly (Lair:1)
  A fungus (Lair:2)
  A plant (Lair:2)
376 creatures vanquished.

Vanquished Creatures (others)
  A hungry ghost (D:9)
  5 sheep (Lair:1)
  4 fungi
  5 plants
15 creatures vanquished.

Grand Total: 391 creatures vanquished

Notes
Turn   | Place    | Note
--------------------------------------------------------------
     0 | D:1      | Krapule the Tengu Air Elementalist began the quest for the Orb.
     0 | D:1      | Reached XP level 1. HP: 10/10 MP: 4/4
   191 | D:1      | Reached XP level 2. HP: 15/15 MP: 6/6
   518 | D:1      | Reached XP level 3. HP: 14/19 MP: 2/7
  1624 | D:2      | Noticed Jessica
  1629 | D:2      | Killed Jessica
  1629 | D:2      | Reached XP level 4. HP: 24/24 MP: 4/8
  1695 | D:2      | Reached skill level 5 in Air Magic
  1974 | D:3      | Found a blossoming altar of Fedhas.
  2482 | D:3      | Gained mutation: You can fly. [Tengu growth]
  2482 | D:3      | Reached XP level 5. HP: 23/28 MP: 7/10
  2787 | D:3      | Found a glowing silver altar of Zin.
  3431 | D:3      | Learned a level 2 spell: Swiftness
  3490 | D:4      | Noticed an ice beast
  3492 | D:5      | Entered Level 5 of the Dungeon
  3501 | D:5      | Noticed Edmund
  3596 | D:5      | Noticed Prince Ribbit
  3639 | D:5      | Reached XP level 6. HP: 29/32 MP: 7/11
  3672 | D:5      | Noticed whitenoisemaker's ghost (novice DsGl)
  3814 | D:5      | Noticed a sky beast
  3887 | D:6      | Got a wavering tin amulet
  3888 | D:6      | Identified the amulet "Xoxuawn" {+Rage rPois rF+++ rC+ Int-2} (You found it on level 6 of the Dungeon)
  3965 | D:6      | Reached skill level 6 in Air Magic
  4268 | D:6      | Learned a level 2 spell: Repel Missiles
  4351 | D:6      | Reached XP level 7. HP: 36/36 MP: 7/13
  4396 | D:6      | Found Aneogih's Weapon Emporium.
  4461 | D:6      | Found Geim Ist's Book Emporium.
  4475 | D:6      | Found Natuoc's Antique Armour Emporium.
  4564 | D:5      | Noticed Grinder
  4573 | D:5      | Paralysed by Grinder for 4 turns
  4586 | D:5      | Killed Grinder
  4586 | D:5      | Reached skill level 5 in Dodging
  5182 | D:6      | Reached skill level 5 in Conjurations
  5182 | D:6      | Reached skill level 7 in Air Magic
  5229 | D:6      | Found a deep blue altar of Sif Muna.
  5241 | D:6      | Reached XP level 8. HP: 37/41 MP: 8/15
  5311 | D:6      | Found a glowing golden altar of the Shining One.
  5676 | D:6      | Found Oghidubb's Jewellery Shop.
  5873 | D:6      | Found Yrhyviti's Book Shop.
  6161 | D:6      | Reached skill level 8 in Air Magic
  6562 | D:4      | Noticed Dowan
  6566 | D:4      | Noticed Duvessa
  6566 | D:4      | Killed Dowan
  6566 | D:4      | Reached skill level 5 in Spellcasting
  6593 | D:4      | Killed Duvessa
  6915 | D:4      | Reached XP level 9. HP: 45/45 MP: 10/18
  6990 | D:4      | Noticed Crazy Yiuf
  7006 | D:4      | Killed Crazy Yiuf
  7328 | D:5      | Killed Edmund
  7984 | D:7      | Learned a level 5 spell: Lightning Bolt
  8238 | D:7      | Reached skill level 9 in Air Magic
  8308 | D:7      | HP: 2/45 [Prince Ribbit (3)]
  9582 | D:7      | Reached skill level 1 in Fighting
  9657 | D:7      | Found a sparkling altar of Nemelex Xobeh.
 10190 | D:7      | Killed Prince Ribbit
 10190 | D:7      | Reached skill level 1 in Charms
 10416 | D:7      | Reached XP level 10. HP: 46/52 MP: 15/20
 10421 | D:7      | Found a staircase to the Ecumenical Temple.
 10426 | Temple   | Entered the Ecumenical Temple
 10452 | Temple   | Became a worshipper of Vehumet
 10627 | D:8      | Reached skill level 10 in Air Magic
 10916 | D:8      | Found a burning altar of Makhleb.
 11215 | D:8      | Reached * piety under Vehumet
 11215 | D:8      | Offered knowledge of Magic Dart by Vehumet.
 11416 | D:8      | Found a staircase to the Lair.
 12315 | D:9      | Noticed Pikel
 12324 | D:9      | Killed Pikel
 12989 | D:9      | Offered knowledge of Sting by Vehumet.
 12995 | D:9      | Reached ** piety under Vehumet
 12996 | D:9      | Reached skill level 11 in Air Magic
 13114 | Lair:1   | Entered Level 1 of the Lair of Beasts
 13191 | Lair:1   | Noticed an eight-headed hydra
 13229 | Lair:1   | Noticed Grum
 13620 | D:10     | Entered Level 10 of the Dungeon
 13662 | D:10     | Reached XP level 11. HP: 58/60 MP: 23/23
 13997 | D:10     | Noticed a hill giant
 14003 | D:10     | Killed a hill giant
 14310 | D:10     | Noticed a purple ugly thing
 14346 | D:10     | Reached skill level 10 in Dodging
 14347 | D:10     | Reached skill level 12 in Air Magic
 14893 | D:10     | Found a glowing golden altar of the Shining One.
 14990 | D:10     | Got a transparent tin amulet
 14991 | D:10     | Identified the amulet "Baor" {RegenMP +Fly MR+ Dex+6} (You found it on level 10 of the Dungeon)
 15141 | D:12     | Noticed a deep elf mage
 15148 | D:12     | Killed a deep elf mage
 15163 | D:12     | Noticed barakagiga's ghost (journeyman DsFE)
 15498 | Lair:1   | Killed Grum
 15709 | Lair:1   | Offered knowledge of Mephitic Cloud by Vehumet.
 15792 | Lair:1   | HP: 1/60 [eight-headed hydra (11)]
 16190 | Lair:1   | Noticed Gastronok
 16198 | Lair:1   | Noticed Harold
 16248 | Lair:1   | Killed Gastronok
 16248 | Lair:1   | Reached skill level 13 in Air Magic
 16475 | Lair:1   | Killed Harold
 16491 | Lair:1   | Reached XP level 12. HP: 29/64 MP: 3/26
 17157 | Lair:1   | Killed an eight-headed hydra
 17260 | Lair:1   | Found a shimmering altar of Xom.
 17456 | Lair:1   | Noticed a four-headed hydra
 17459 | Lair:1   | Killed a four-headed hydra
 17459 | Lair:1   | Reached *** piety under Vehumet
 17611 | Lair:1   | Reached skill level 10 in Spellcasting
 17750 | Lair:2   | Reached skill level 14 in Air Magic
 18432 | Lair:2   | Offered knowledge of Fulminant Prism by Vehumet.
 18698 | Lair:3   | Noticed a six-headed hydra
 18705 | Lair:3   | Killed a six-headed hydra
 18705 | Lair:3   | Reached skill level 1 in Armour
 19214 | Lair:3   | Found a staircase to the Shoals.
 19507 | Lair:3   | Reached **** piety under Vehumet
 19675 | Lair:3   | Reached XP level 13. HP: 31/68 MP: 6/28
 19895 | Lair:3   | Found a staircase to the Snake Pit.
 20326 | Lair:3   | Offered knowledge of Olgreb's Toxic Radiance by Vehumet.
 20334 | Lair:3   | HP: 2/68 [cloud of flame (23)]
 20337 | Lair:3   | Engulfed by a cloud of steam

Skill      XL: |  1  2  3  4  5  6  7  8  9 10 11 12 13 |
---------------+----------------------------------------+-----
Dodging        | 3 4 5 6 8 9 11 12 | 12.5
Conjurations   | 2 3 4 5 6 8 9 |  9.9
Air Magic      | 5 6 7 8 9 11 13 14 | 14.8
Spellcasting   | 3 4 5 6 7 9 10 | 10.7
Fighting       | 1 3 |  3.0
Charms         | 1 2 |  2.0
Armour         | 2 3 |  3.9
Stealth        | |  2.0

Action                   |  1- 3 |  4- 6 |  7- 9 | 10-12 | 13-15 || total
-------------------------+-------+-------+-------+-------+-------++-------
Melee: Unarmed           |     6 |       |       |       |       ||     6
       Spear             |    12 |    35 |       |       |       ||    47
       Peck              |     6 |    17 |    21 |    60 |     4 ||   108
       Kick              |     6 |    29 |    22 |    85 |     3 ||   145
       Dagger            |    52 |    27 |       |       |       ||    79
       Quarterstaff      |       |    40 |   158 |   251 |    11 ||   460
 Cast: Shock             |    44 |    71 |   221 |   257 |    14 ||   607
       Swiftness         |       |       |    15 |    14 |       ||    29
       Lightning Bolt    |       |       |    14 |   177 |    16 ||   207
       Repel Missiles    |       |       |       |     2 |       ||     2
 Abil: Fly               |       |       |     1 |       |       ||     1
Evoke: Wand              |       |       |       |     6 |       ||     6
  Use: Scroll            |     6 |     2 |    12 |     7 |     1 ||    28
       Potion            |       |       |     8 |     4 |     1 ||    13
 Stab: Sleeping          |     2 |     4 |     2 |     2 |       ||    10
       Paralysed         |       |       |       |     2 |       ||     2
       Confused          |       |       |       |     1 |       ||     1
  Eat: Chunk             |     3 |     7 |    13 |    50 |     4 ||    77
       Pizza             |       |     1 |       |     3 |       ||     4
       Beef jerky        |       |       |     1 |       |       ||     1
       Meat ration       |       |       |     2 |     3 |     1 ||     6
       Fruit             |       |       |       |     3 |       ||     3
Armor: Robe              |    27 |    49 |    60 |    81 |     1 ||   218
       Skin              |       |       |     2 |       |       ||     2
Dodge: Dodged            |    69 |   120 |   265 |   375 |    23 ||   852
       Deflected         |       |       |       |     3 |       ||     3
